 Dungeon Crawl Stone Soup version 0.31.0-11-ge490571c62 (webtiles) character file.

Game seed: 12231080093757691269

77 protoss039 the Digger (level 4, 33/33 HPs)
             Began as a Demonspawn Earth Elementalist on Jan 28, 2024.
             Got out of the dungeon alive.
             The game lasted 00:02:33 (2068 turns).

protoss039 the Digger (DsEE)                        Turns: 2068, Time: 00:02:33

Health: 33/33      AC:  5    Str:  9    XL:     4   Next: 14%
Magic:  8/8        EV: 11    Int: 17    God:
Gold:   102        SH:  0    Dex: 13    Spells: 7/8 levels left

rFire   . . .        k - +0 dagger
rCold   . . .        (no shield)
rNeg    . . .        d - +0 leather armour
rPois   .            (no helmet)
rElec   .            (no cloak)
rCorr   .            (no gloves)
SInv    .            o - +1 pair of boots
Will    .....        (no amulet)
Stlth   ++           (no ring)
HPRegen 0.25/turn    (no ring)
MPRegen 0.22/turn

%: no passive effects
@: no status effects
A: magic regeneration, demonic magic 1
a: no special abilities


You escaped.
You visited 1 branch of the dungeon, and saw 3 of its levels.

You collected 102 gold pieces.

Inventory:

Hand Weapons
 k - a +0 dagger (weapon)
Armour
 d - a +0 leather armour (worn)
 o - a +1 pair of boots (worn)
Scrolls
 a - a scroll of teleportation {unknown}
 e - a scroll of identify
 g - a scroll of fear {unknown}
 i - a scroll of enchant armour {unknown}
 l - 2 scrolls of immolation {unknown}
 m - a scroll of blinking {unknown}
 n - a scroll of enchant weapon {unknown}
Potions
 b - 2 potions of magic
 c - 2 potions of ambrosia
 f - 2 potions of enlightenment
 h - a potion of heal wounds {unknown}
 j - a potion of attraction {unknown}


   Skills:
 + Level 2.1 Fighting
 - Level 1.7 Dodging
 - Level 1.7 Stealth
 + Level 2.8 Spellcasting
 - Level 1.0 Conjurations
 + Level 3.3 Earth Magic


You had 7 spell levels left.
You knew the following spells:

 Your Spells              Type           Power      Damage    Failure   Level
a - Sandblast             Erth           26%        2d8       6%          1

Your spell library contained the following spells:

 Spells                   Type           Power      Damage    Failure   Level
 Passwall                 Erth           13%        N/A       19%         3
 Stone Arrow              Conj/Erth      18%        3d8       30%         3
 Brom's Barrelling Bould  Conj/Erth      9%         2d3       71%         4
 Petrify                  Alch/Erth      8%         N/A       77%         4


Dungeon Overview and Level Annotations

Branches:
Dungeon (3/15)

Altars:


Innate Abilities, Weirdness & Mutations

You regenerate magic rapidly.
Spells you cast may paralyse adjacent enemies.


Message History

You closely miss the orc.
The orc is almost dead.
The orc closely misses you. The orc barely misses you. x2
Unknown command.
You hit the orc.
You kill the orc!
The orc misses you. The orc barely misses you.
Unknown command.
Casting: Sandblast (safe; 6% risk of failure)
Confirm with . or Enter, or press ? or * to list all spells.
Aiming: Sandblast (safe; 6% risk of failure)
Press: ? - help, Shift-Dir - straight line, f - orc
Aim: an orc, wielding a +0 dagger (82% to hit)
The blast of sand hits the orc!
You kill the orc!
Malevolent energies surge around you.
The orc suddenly stops moving!
Unknown command.
The helpless orc fails to defend itself.
You hit the orc.
The orc is moderately wounded.
Unknown command.
The helpless orc fails to defend itself.
You puncture the orc!
You kill the orc!
Unknown command.
No target in view!
Unknown command.
HP restored.
There is a stone staircase leading up here.
You climb upwards.
There is a stone staircase leading down here.
Magic restored.
There is a stone staircase leading up here.
You climb upwards.
There is a stone staircase leading down here.
You open the door.
There is an open door here.
There is a staircase leading out of the dungeon here.
There is a staircase leading out of the dungeon here.
You have escaped!

#.###.#.###.# ##.##
##...#.....
#....###....#
#...###.##.......
###.#.#.#####
##.##.#.###.......
#.##.## ##..###.##
#....### #.##.#
###....##.# #.##.#
#.##)# #.......#.#
#.##.# #.##.#
##.++'+++#.# #.##.###
#.##.#####..+....+..#
#..)....
#.##....##..+.@..+..#
####.###
##.#####.##..+....+..#
#.# #...#
#.##..+....+..# #.#
#...# #.###.++'+++..#
#.### #...# #.#
##.......## #....
#.### #.# #.#######
##### #.# #.# #>#
##### #.# #.# #.#
#.... #.# #.# #.#
#.###


There were no monsters in sight!

Vanquished Creatures
  2 adders (D:2)
  A dart slug (D:2)
  A ribbon worm (D:2)
  5 orcs (D:3)
  5 endoplasms
  2 giant cockroaches
  4 goblins
  3 hobgoblins
  8 kobolds
  A quokka (D:1)
  3 ball pythons
  5 bats
  A frilled lizard (D:2)
  6 rats
47 creatures vanquished.

Notes
Turn   | Place    | Note
-------+----------+-------------------------------------------
     0 | D:1      | protoss039 the Demonspawn Earth Elementalist began the
                  | quest for the Orb.
     0 | D:1      | Reached XP level 1. HP: 13/13 MP: 3/3
   156 | D:1      | Gained mutation: Spells you cast may paralyse adjacent
                  | enemies. [demonic ancestry]
   156 | D:1      | Reached XP level 2. HP: 20/20 MP: 1/5
   354 | D:1      | Reached skill level 1 in Fighting
   477 | D:1      | Reached skill level 3 in Earth Magic
  1113 | D:2      | Reached XP level 3. HP: 21/26 MP: 3/6
  2018 | D:3      | Gained mutation: You regenerate magic rapidly. [demonic
                  | ancestry]
  2018 | D:3      | Reached XP level 4. HP: 33/33 MP: 6/8
  2068 | D:$      | Got out of the dungeon alive.

Illustrated notes

Levels and vault maps discovered:
D:1:      lightli_arrival_maybe_door_vault, layout_loops_ring
D:2:      layout_loops_ring, nicolae_twisty_statue_hallways
D:3:      layout_loops_ring

Skill      XL: |  1  2  3 |
---------------+----------+-----
Fighting       | 1 2 |  2.1
Earth Magic    | 3 |  3.3
Dodging        | |  1.7
Stealth        | |  1.7
Spellcasting   | |  2.8
Conjurations   | |  1.0

Action                     |  1- 3 |  4- 6 || total
---------------------------+-------+-------++-------
  Melee: Short sword       |    33 |       ||    33
         Dagger            |    34 |     6 ||    40
         Punch             |     1 |       ||     1
   Cast: Sandblast         |    44 |     5 ||    49
    Use: Scroll            |     2 |       ||     2
   Stab: Sleeping          |     3 |       ||     3
         Paralysed         |       |     2 ||     2
 Armour: Robe              |    20 |       ||    20
         Leather armour    |    33 |     8 ||    41
  Dodge: Dodged            |    47 |     6 ||    53
